 Dungeon Crawl Stone Soup version 0.31-a0-986-g5e6e4ef867 (webtiles) character file.

Game seed: 16119151344661563195

1640 timneilson the Covered (level 8, -1/50 HPs)
             Began as a Gargoyle Fighter on Nov 12, 2023.
             Slain by an orc warrior
             ... wielding a +0 glaive
              (12 damage)
             ... on level 6 of the Dungeon.
             The game lasted 00:09:35 (5463 turns).

timneilson the Covered (Gargoyle Fighter)           Turns: 5463, Time: 00:09:36

Health: -1/50      AC: 22    Str: 21    XL:     8   Next: 99%
Magic:  8/8        EV:  9    Int:  8    God:
Gold:   383        SH:  6    Dex: 11    Spells: 7/7 levels left

rFire   . . .        a - +1 long sword
rCold   . . .        c - +1 buckler
rNeg    + . .        u - +0 chain mail
rPois   ∞            (no helmet)
rElec   +            j - +0 cloak
rCorr   .            (no gloves)
SInv    .            s - +0 pair of boots
Will    .....        (no amulet) Stlth
                     n - +4 ring of slaying
HPRegen 0.28/turn    h - +4 ring of protection
MPRegen 0.11/turn

%: no passive effects
@: no status effects
A: sickness immunity, AC +5, negative energy resistance 1, electricity
resistance, torment resistance 1, petrification resistance
a: no special abilities


You were on level 6 of the Dungeon.
You visited 1 branch of the dungeon, and saw 6 of its levels.
You also visited: Ossuary.

You collected 383 gold pieces.

Inventory:

Hand Weapons
 a - a +1 long sword (weapon)
Armour
 c - a +1 buckler (worn)
 j - a +0 cloak (worn)
 s - a +0 pair of boots (worn)
 u - a +0 chain mail (worn)
Jewellery
 h - a +4 ring of protection (right hand)
 i - a ring of protection from cold
 n - a +4 ring of slaying (left hand)
Wands
 e - a wand of light (1)
 o - a wand of flame (28)
Scrolls
 f - a scroll of amnesia
 g - a scroll of teleportation
 p - a scroll of enchant weapon
 t - a scroll of poison
Potions
 b - 2 potions of attraction
 d - a potion of degeneration {unknown}
 k - 4 potions of brilliance
 l - 3 potions of enlightenment
 m - 2 potions of haste
 q - 2 potions of lignification
 r - 4 potions of curing


   Skills:
 + Level 5.4 Fighting
 * Level 5.0 Long Blades
 * Level 6.6 Armour
 + Level 2.8 Dodging
 * Level 6.6 Shields
 + Level 2.4 Evocations


You had 7 spell levels left.
You didn't know any spells.
Your spell library contained the following spells:

 Spells                   Type           Power      Damage    Failure   Level
 Summon Small Mammal      Summ           0%         N/A       97%         1
 Call Canine Familiar     Summ           0%         N/A       100%        3
 Summon Guardian Golem    Hex/Summ       0%         N/A       100%        3


Dungeon Overview and Level Annotations

Branches:
Dungeon (6/15)            Ossuary (visited)
 Temple: D:4-7

Altars:
Sif Muna
Uskayaw
Yredelemnul

Annotations:
D:5 2 runed translucent doors, justen's ghost, amateur TrDe


Innate Abilities, Weirdness & Mutations

You are immune to sickness and miasma.
Your stone body is resilient. (AC +5)
You are immune to poison.
You resist negative energy. (rN+)
You are resistant to electric shocks. (rElec)
You are resistant to unholy torment.
You are immune to petrification.


Message History

Deactivating autopickup; reactivate with Ctrl-A.
The orc warrior hits you but does no damage.
Things that are here:
a +0 dagger; a +0 robe You barely miss the orc warrior.
The orc warrior is lightly wounded.
The orc warrior hits you but does no damage.
You hit the orc warrior.
The orc warrior is lightly wounded.
The orc warrior barely misses you.
An orc priest comes into view. It is wielding a +0 dagger.
The orc warrior hits you with a +0 glaive!
You barely miss the orc warrior.
The orc warrior is lightly wounded.
The orc warrior closely misses you.
You slash the orc warrior!
The orc warrior is heavily wounded.
Unknown command.
You slash the orc warrior!
The orc warrior is severely wounded.
The orc warrior hits you with a +0 glaive.
You strike the helpless orc warrior from behind!
You hit the orc warrior but do no damage.
The orc warrior is severely wounded.
The orc priest calls down the wrath of Beogh upon you.
Beogh smites you!
The orc warrior hits you with a +0 glaive.
You hit the orc warrior.
The orc warrior is almost dead.
The orc warrior hits you but does no damage.
You barely miss the orc warrior.
The orc warrior is almost dead.
The orc warrior barely misses you. The orc warrior closely misses you.
The orc priest mumbles some strange prayers to Beogh against you.
Beogh smites you!
* * * LOW HITPOINT WARNING * * *
You barely miss the orc warrior.
The orc warrior is almost dead.
The orc warrior hits you with a +0 glaive!
You die... . ####### ... #.....# .....###.###># ...ooo...# #.# oo...###.###o# ooo

#oo..o###
.
###....o#
#####o#
#@# #.#
#.# #.###
##...####
#.......#
#.##.##.#
#....##.#
#....##.#


You could see an orc warrior (blind), an orc priest and 2 orcs.

Vanquished Creatures
  Grinder (D:5)
  Sigmund (D:4)
  Menkaure (D:4)
  Edmund (D:5)
  A water moccasin (D:5)
  3 elf zombies (Ossuary)
  A scorpion (D:6)
  5 hounds
  An orc priest (D:6)
  A human zombie (Ossuary)
  A sleepcap (D:6)
  Ijyb (D:4)
  2 iguanas
  7 orc wizards
  2 mummies (Ossuary)
  8 adders
  2 shadow imps
  A white imp (D:5)
  An adder zombie (Ossuary)
  4 dart slugs
  10 orcs
  3 endoplasms
  3 giant cockroaches
  7 goblins
  5 hobgoblins
  3 jackals (D:4)
  4 quokkas (D:1)
  6 ball pythons
  8 bats
  2 frilled lizards
  3 goblin zombies (Ossuary)
  11 hobgoblin zombies (Ossuary)
  4 kobolds
  9 kobold zombies (Ossuary)
  7 orc zombies (Ossuary)
  11 rats
  2 rat zombies (Ossuary)
143 creatures vanquished.

Notes
Turn   | Place    | Note
-------+----------+-------------------------------------------
     0 | D:1      | timneilson the Gargoyle Fighter began the quest for the
                  | Orb.
     0 | D:1      | Reached XP level 1. HP: 14/14 MP: 1/1
   194 | D:1      | Reached XP level 2. HP: 10/19 MP: 2/2
   532 | D:1      | Reached XP level 3. HP: 23/23 MP: 3/3
  1560 | D:2      | Reached XP level 4. HP: 27/28 MP: 4/4
  2167 | D:3      | Reached skill level 1 in Dodging
  2190 | D:3      | Reached XP level 5. HP: 20/33 MP: 5/5
  2562 | D:3      | Found a basalt altar of Yredelemnul.
  2616 | D:3      | Found a shimmering blue altar of Sif Muna.
  2771 | D:3      | Found a faded altar of an unknown god.
  3054 | D:4      | Noticed Ijyb
  3064 | D:4      | Killed Ijyb
  3135 | D:4      | Noticed Sigmund
  3150 | D:4      | Killed Sigmund
  3151 | D:4      | Reached XP level 6. HP: 24/38 MP: 6/6
  3425 | D:4      | Found a hide-covered altar of Uskayaw.
  3486 | D:4      | Reached skill level 5 in Armour
  3486 | D:4      | Reached skill level 5 in Shields
  3486 | D:4      | Reached XP level 7. HP: 44/44 MP: 7/7
  3586 | D:4      | Noticed Menkaure
  3593 | D:4      | Killed Menkaure
  3594 | D:4      | Reached skill level 1 in Evocations
  3879 | D:5      | Entered Level 5 of the Dungeon
  4166 | D:5      | Found a runed translucent door.
  4168 | D:5      | Noticed justen's ghost (amateur TrDe)
  4362 | D:5      | Found a runed translucent door.
  4536 | D:5      | Noticed Grinder
  4538 | D:5      | Noticed Edmund
  4550 | D:5      | Killed Edmund
  4551 | D:5      | Reached XP level 8. HP: 44/48 MP: 8/8
  4554 | D:5      | Killed Grinder
  4555 | D:5      | Reached skill level 5 in Fighting
  4790 | D:6      | Found a sand-covered staircase.
  4799 | Ossuary  | Entered an ossuary
  5379 | D:6      | Reached skill level 5 in Long Blades
  5463 | D:6      | Slain by an orc warrior

Illustrated notes

Levels and vault maps discovered:
D:1:      spicycebolla_green_bress_n_ham_2, layout_basic
D:2:      layout_basic, amcnicky_mini_pool_small
D:3:      layout_loops_ring, kennysheep_orc_sif_temple,
          mainiacjoe_overflow_boulevard, chequers_ecumenical_altar_simple_redux
D:4:      layout_loops_ring, mainiacjoe_overflow_tiny_flanked,
          chequers_serial_rivers_micro_b, mrwooster_statue_mirror, minivault_23,
          kennysheep_generic_room_14, uniq_menkaure, uniq_sigmund, uniq_ijyb
D:5:      layout_loops_cross, ebering_ghost_sewer_f, uniq_grinder, uniq_edmund
D:6:      layout_loops_cross, serial_shops, nicolae_shop_window_shopping,
          nicolae_ossuary_entry_ruins

Skill      XL: |  1  2  3  4  5  6  7  8 |
---------------+-------------------------+-----
Long Blades    | 2 3 4 5 |  5.0
Shields        | 4 5 6 |  6.6
Dodging        | 1 2 |  2.8
Armour         | 4 5 6 |  6.6
Fighting       | 4 5 |  5.4
Evocations     | 1 2 |  2.4

Action                     |  1- 3 |  4- 6 |  7- 9 || total
---------------------------+-------+-------+-------++-------
  Melee: Long sword        |   163 |   136 |   263 ||   562
  Evoke: Wand              |       |     3 |     2 ||     5
    Use: Scroll            |     4 |     8 |     5 ||    17
         Potion            |       |       |     2 ||     2
   Stab: Invisible         |       |       |     1 ||     1
 Armour: Scale mail        |   130 |   110 |    38 ||   278
         Chain mail        |       |       |   113 ||   113
  Dodge: Dodged            |   112 |    54 |    98 ||   264
  Block: Buckler           |    34 |    37 |    67 ||   138

Table legend: (Time is in decaauts)
 A = Elapsed time spent in this place.
 B = Non-inter-level travel time spent in this place.
 C = Inter-level travel time spent in this place.
 D = Time resting spent in this place.
 E = Time spent auto-exploring this place.
 F = Levels seen in this place.
 G = Mean time per level.
                   A        B        C        D        E       F      G
               +--------+--------+--------+--------+--------+-----+--------+
         Total |   5601 |   5528 |     73 |    150 |   3829 |   7 |  800.1 |
       Dungeon |   5108 |   5035 |     73 |     50 |   3727 |   6 |  851.3 |
       Ossuary |    493 |    493 |      0 |    100 |    102 |   1 |  493.0 |
               +--------+--------+--------+--------+--------+-----+--------+

Top non-repeatable levels by time:
     D:1: 1354 daAuts
     D:3: 942 daAuts
     D:5: 870 daAuts
     D:4: 847 daAuts
     D:2: 837 daAuts
 Ossuary: 493 daAuts
     D:6: 256 daAuts
